 Dungeon Crawl Stone Soup version 0.30-a0-364-gf6b3ef1049 (webtiles) character file.

Game seed: 174597601294408587

338 mopl the Magician (level 6, -2/36 HPs)
             Began as an Octopode Hedge Wizard on Nov 14, 2022.
             Slain by an orc wizard
             ... wielding a +0 flail
              (7 damage)
             ... on level 5 of the Dungeon.
             The game lasted 00:04:23 (2666 turns).

mopl the Magician (Octopode Hedge Wizard)           Turns: 2666, Time: 00:04:23

Health: -2/36      AC:  1    Str: 10    XL:     6   Next: 55%
Magic:  3/13       EV: 13    Int: 18    God:
Gold:   68         SH:  5    Dex: 11    Spells: 8/14 levels left

rFire   . . .      SeeInvis .    a - +0 dagger
rCold   . . .      Faith    .    (no shield)
rNeg    . . .      Spirit   .    b - +0 hat
rPois   .          Reflect  +    p - amulet of reflection
rElec   .          Harm     .    e - ring of willpower
rCorr   .          Rampage  .    s - ring of flight
Will    +....                    (no ring)
Stlth   +++.......               (no ring)
HPRegen 0.26/turn                (no ring)
MPRegen 0.13/turn                (no ring)
                                 (no ring)
                                 (no ring)

@: flying
A: almost no armour, amphibious, 8 rings, camouflage 1, gelatinous body 1,
(nimble swimmer 1), tentacles
a: no special abilities


You were on level 5 of the Dungeon.
You visited 1 branch of the dungeon, and saw 5 of its levels.

You collected 172 gold pieces.
You spent 104 gold pieces at shops.

Inventory:

Hand Weapons
 a - a +0 dagger (weapon)
Missiles
 d - a throwing net
 i - 5 boomerangs
 m - 8 poisoned darts
Armour
 b - a +0 hat (worn)
Jewellery
 e - a ring of willpower (left tentacle)
 p - an amulet of reflection (around mantle)
 s - a ring of flight (right tentacle)
Scrolls
 f - a scroll of amnesia {unknown}
 j - a scroll of identify
 l - 3 scrolls of blinking
 o - 2 scrolls of teleportation {unknown}
 q - a scroll of noise {unknown}
 r - a scroll of magic mapping {unknown}
 u - 2 scrolls of vulnerability {unknown}
Potions
 c - 2 potions of magic
 g - a potion of lignification {!q}
 k - a potion of cancellation
 n - a potion of resistance
 t - 2 potions of curing {unknown}
 v - a potion of haste {unknown}


   Skills:
 - Level 2.0 Dodging
 - Level 2.6 Stealth
 * Level 4.6 Spellcasting
 * Level 3.8 Conjurations
 - Level 1.0 Summonings
 + Level 2.6 Translocations
 + Level 1.1 Air Magic
 + Level 1.2 Poison Magic


You had 8 spell levels left.
You knew the following spells:

 Your Spells              Type           Power      Damage    Failure   Level
a - Magic Dart            Conj           72%        1d6       2%          1
c - Mephitic Cloud        Conj/Pois/Air  11%        N/A       19%         3
e - Blink                 Tloc           26%        N/A       7%          2

Your spell library contained the following spells:

 Spells                   Type           Power      Damage    Failure   Level
 Apportation              Tloc           26%        N/A       4%          1
 Momentum Strike          Conj/Tloc      30%        3d8       5%          2
 Summon Small Mammal      Summ           28%        N/A       9%          1
 Beastly Appendage        Tmut           8%         N/A       14%         1
 Necrotise                Necr           16%        1d4       14%         1
 Slow                     Hex            16%        N/A       14%         1
 Call Imp                 Summ           7%         N/A       14%         2
 Lesser Beckoning         Tloc           26%        N/A       14%         3
 Cigotuvi's Dreadful Rot  Necr/Pois/Air  14%        N/A       16%         2
 Wereblood                Tmut           4%         N/A       22%         2
 Spider Form              Tmut/Pois      6%         N/A       32%         3
 Freezing Cloud           Conj/Ice/Air   5%         6-21      88%         5
 Simulacrum               Ice/Necr       2%         N/A       100%        6
 Polar Vortex             Ice            2%         N/A       100%        9


Dungeon Overview and Level Annotations

Branches:
Dungeon (5/15)
 Temple: D:4-7

Altars:
Cheibriados
Uskayaw

Shops:
D:2 ?   D:4 !

Annotations:
D:4 exclusions: black bear and goblin, Dowan, Duvessa


Innate Abilities, Weirdness & Mutations

You cannot wear most types of armour.
You are amphibious.
You can wear up to eight rings at the same time.
Your skin changes colour to match your surroundings (Stealth+).
Your rubbery body absorbs attacks. (AC +1, EV +1)
((You are camouflaged when in or above water. (Stealth+)))
You have tentacles for arms and can constrict up to eight enemies at once.


Message History

The orc wizard is almost dead.
An orc comes into view. It is wielding a +0 club.
The magic dart hits the orc wizard.
You kill the orc wizard!
The orc shouts!
The magic dart hits the orc wizard but does no damage.
The magic dart hits the orc wizard.
The orc wizard is lightly wounded.
The orc wizard hits you with a +0 flail.
The magic dart hits the orc wizard.
The orc wizard is heavily wounded.
The orc wizard closely misses you.
The magic dart hits the orc wizard.
The orc wizard is heavily wounded.
The orc wizard mumbles some strange words.
The orc wizard flickers and vanishes!
Deactivating autopickup; reactivate with Ctrl-A.
You closely miss something. Your squeeze misses something.
Something hits you but does no damage.
You closely miss something. Your squeeze misses something. Something hits you.
You miss something. Something barely misses you.
You closely miss something. Something hits you.
You hit something. Your squeeze misses something. Something hits you.
You miss something. Your squeeze misses something. Something hits you.
You hit something. Something hits you!
You are too injured to fight recklessly!
You hit something but do no damage. Your squeeze misses something.
Something hits you!
* * * LOW HITPOINT WARNING * * *
You feel much better. Something hits you!
You barely miss something. Something hits you.
You barely miss something. Something hits you.
You hit something. Your squeeze misses something. Something hits you.
You miss something. Something hits you.
You closely miss something. Your squeeze misses something.
Something completely misses you.
You miss something. Something hits you!
* * * LOW HITPOINT WARNING * * *
You hit something but do no damage. Something hits you!
You die...

#......####..#
##.>.........# ##
.............###.#
########.####.#.#
#####...####...
............#.###
#####.#.........#
###+#######.######..
#.@{ooo...
######o##.


You could see 4 orcs.

Vanquished Creatures
  A necrophage (D:4)
  A scorpion (D:4)
  An orc priest (D:3)
  An orc wizard (D:5)
  4 gnolls (D:3)
  6 adders
  A worm (D:2)
  2 dart slugs
  4 orcs
  5 ball pythons
  6 endoplasms
  2 giant cockroaches
  8 hobgoblins
  A quokka (D:4)
  6 bats
  3 frilled lizards (D:1)
  6 goblins
  5 kobolds
  2 rats
65 creatures vanquished.

Notes
Turn   | Place    | Note
-------+----------+-------------------------------------------
     0 | D:1      | mopl the Octopode Hedge Wizard began the quest for the Orb.
     0 | D:1      | Reached XP level 1. HP: 11/11 MP: 4/4
   445 | D:1      | Reached XP level 2. HP: 17/17 MP: 6/6
   722 | D:2      | Reached XP level 3. HP: 12/21 MP: 7/7
   820 | D:2      | Reached skill level 2 in Conjurations
   938 | D:2      | Found Ihutsoim's Magic Scroll Boutique.
   946 | D:2      | Bought a scroll of identify for 22 gold pieces
  1221 | D:3      | Reached XP level 4. HP: 22/27 MP: 6/9
  1428 | D:3      | Found a hide-covered altar of Uskayaw.
  1506 | D:3      | Reached skill level 2 in Translocations
  1618 | D:3      | Reached skill level 4 in Spellcasting
  1618 | D:3      | Reached skill level 3 in Conjurations
  1618 | D:3      | Reached XP level 5. HP: 29/31 MP: 9/11
  1955 | D:2      | Bought a scroll of blinking for 82 gold pieces
  2001 | D:4      | Found Vettinoh's Distillery.
  2035 | D:4      | Learned a level 2 spell: Blink
  2039 | D:4      | Learned a level 3 spell: Mephitic Cloud
  2118 | D:4      | Reached XP level 6. HP: 22/36 MP: 12/12
  2145 | D:4      | Reached skill level 1 in Air Magic
  2145 | D:4      | Reached skill level 1 in Poison Magic
  2276 | D:4      | Noticed Duvessa
  2276 | D:4      | Noticed Dowan
  2340 | D:4      | Noticed a black bear
  2460 | D:4      | Found a snail-covered altar of Cheibriados.
  2610 | D:5      | Entered Level 5 of the Dungeon
  2666 | D:5      | Slain by an orc wizard

Illustrated notes

Levels and vault maps discovered:
D:1:      minmay_arrival_three_doors, layout_basic, minmay_misc_feat_doors,
          nicolae_titane
D:2:      layout_rooms, serial_glass, glass_columns_a, glass_columns_b,
          serial_shops, shop
D:3:      layout_loops_cross, overflow_temple_1_default
D:4:      layout_rooms, kennysheep_slug_shrine, serial_shops,
          nicolae_shop_trees, minmay_misc_feat_columns, uniq_duvessa
D:5:      layout_loops_ring, nicolae_wu_jian_wuxing_cycle, kennysheep_mini,
          dreamdust_princess_corridor, kennysheep_generic_room_2, uniq_eustachio

Skill      XL: |  1  2  3  4  5  6 |
---------------+-------------------+-----
Conjurations   | 2 3 |  3.8
Translocations | 2 |  2.6
Spellcasting   | 4 |  4.6
Air Magic      | 1 |  1.1
Poison Magic   | 1 |  1.2
Dodging        | |  2.0
Stealth        | |  2.6
Summonings     | |  1.0

Action                   |  1- 3 |  4- 6 || total
-------------------------+-------+-------++-------
Melee: Dagger            |    64 |    73 ||   137
       Constrict         |    16 |    15 ||    31
       Tentacles         |     6 |    17 ||    23
       Punch             |     1 |       ||     1
 Cast: Magic Dart        |    17 |    70 ||    87
  Use: Scroll            |     4 |       ||     4
       Potion            |       |     1 ||     1
 Stab: Sleeping          |     7 |     4 ||    11
       Distracted        |     1 |       ||     1
Armor: Skin              |     4 |     5 ||     9
Dodge: Dodged            |    26 |    46 ||    72
Block: Other             |       |     8 ||     8

Table legend: (Time is in decaauts)
 A = Elapsed time spent in this place.
 B = Non-inter-level travel time spent in this place.
 C = Inter-level travel time spent in this place.
 D = Time resting spent in this place.
 E = Time spent auto-exploring this place.
 F = Levels seen in this place.
 G = Mean time per level.
                   A        B        C        D        E       F      G
               +--------+--------+--------+--------+--------+-----+--------+
         Total |   2666 |   2487 |    179 |    294 |   1635 |   5 |  533.2 |
       Dungeon |   2666 |   2487 |    179 |    294 |   1635 |   5 |  533.2 |
               +--------+--------+--------+--------+--------+-----+--------+

Top non-repeatable levels by time:
     D:3: 745 daAuts
     D:1: 654 daAuts
     D:4: 609 daAuts
     D:2: 600 daAuts
     D:5: 55 daAuts
